 Dungeon Crawl Stone Soup version 0.31-a0-354-g827e0957a7 (webtiles) character file.

Game seed: 4016549597119656140

21327 promet the Covert (level 12, -10/88 HPs)
             Began as an Octopode Brigand on July 23, 2023.
             Was a High Priest of Dithmenos.
             Mangled by Rupert
             ... wielding a +4 executioner's axe of freezing
              (34 damage)
             ... on level 3 of the Lair of Beasts.
             The game lasted 01:26:09 (16350 turns).

promet the Covert (Octopode Brigand)               Turns: 16350, Time: 01:26:10

Health: -10/88     AC:  1    Str: 15    XL:     12   Next: 88%
Magic:  0/15       EV: 16    Int: 18    God:    Dithmenos [*****.]
Gold:   993        SH:  0    Dex: 24    Spells: 7/11 levels left

rFire   . . .        a - +8 dagger of Responsibility {speed, rPois Int-3 Dex+5}
rCold   . . .        (no shield)
rNeg    + + +        (helmet restricted)
rPois   +            l - amulet "Ysustuje" {Spirit Int+2}
rElec   +            r - ring "Jenwoge" {Fire +Blink Str+3 Stlth+}
rCorr   .            N - +4 ring of slaying
SInv    .            E - ring of poison resistance
Will    .....        W - ring "Sityfip" {Wiz rN+ Will+} Stlth ****++++++
                     V - ring of ice
HPRegen 0.34/turn    k - +6 ring of intelligence
MPRegen 0.14/turn    n - ring of Xom's Condemnation {rElec rN++ Will- Dex+2 Slay+4}
                     (no ring)

%: guardian spirit, wizardry (x1)
@: on blink cooldown, wreathed by umbra, studying Conjurations
A: almost no armour, amphibious, 8 rings, camouflage 1, gelatinous body 1,
(nimble swimmer 1), tentacles
a: Renounce Religion, Evoke Blink, Shadow Step, Shadow Form


You were on level 3 of the Lair of Beasts.
You worshipped Dithmenos.
Dithmenos was extremely pleased with you.
You visited 2 branches of the dungeon, and saw 13 of its levels.

You collected 993 gold pieces.

Inventory:

Hand Weapons
 a - the +8 dagger of Responsibility (weapon) {speed, rPois Int-3 Dex+5}
   (You found it on level 8 of the Dungeon)

   Int:       It affects your intelligence (-3).
   Dex:       It affects your dexterity (+5).
   rPois:     It protects you from poison.
 b - a +2 heavy orcbow
 c - a +5 scimitar
 o - a +2 whip of draining
 y - a +0 short sword of draining
 I - a +1 mace
 J - a +4 hand axe of freezing
 K - a +5 short sword of venom
 O - a +3 short sword of freezing
 P - a +0 battleaxe
 R - a +0 dire flail of protection
 U - a +1 scimitar of flaming
Missiles
 f - 94 stones
 v - 4 boomerangs of dispersal
 D - 15 poisoned darts
 H - 5 curare-tipped darts
 Q - 5 throwing nets
 S - 5 atropa-tipped darts
 Y - 6 boomerangs
Jewellery
 k - a +6 ring of intelligence (on tentacle)
 l - the amulet "Ysustuje" (around mantle) {Spirit Int+2}
   (You found it on level 4 of the Dungeon)

   [amulet of guardian spirit]

   It causes incoming damage to be divided between your reserves of health and
   magic.
   Int:       It affects your intelligence (+2).
 n - the ring of Xom's Condemnation (on tentacle) {rElec rN++ Will- Dex+2 Slay+4}
   (You found it on level 3 of the Lair of Beasts)

   [ring of slaying]

   Dex:       It affects your dexterity (+2).
   Slay:      It affects your accuracy & damage with ranged weapons and melee
   (+4).
   rElec:     It insulates you from electricity.
   rN:        It greatly protects you from negative energy.
   Will:      It decreases your willpower.
 r - the ring "Jenwoge" (left tentacle) {Fire +Blink Str+3 Stlth+}
   (You found it on level 3 of the Dungeon)

   [ring of fire]

   It enhances your fire magic.
   Str:       It affects your strength (+3).
   rF:        It protects you from fire.
   rC:        It makes you vulnerable to cold.
   +Blink:    It lets you blink.
   Stlth:     It makes you more stealthy.
 B - a ring of fire
 E - a ring of poison resistance (on tentacle)
 N - a +4 ring of slaying (right tentacle)
 V - a ring of ice (on tentacle)
 W - the ring "Sityfip" (on tentacle) {Wiz rN+ Will+}
   (You found it on level 2 of the Lair of Beasts)

   [ring of wizardry]

   It improves your spell success rate.
   rN:        It protects you from negative energy.
   Will:      It increases your willpower.
Talismans
 j - a dragon-blood talisman
 s - a blade talisman
Wands
 g - a wand of acid (15)
 t - a wand of charming (12)
 A - a wand of digging (7)
 F - a wand of roots (9)
Scrolls
 d - a scroll of fog
 e - 2 scrolls of teleportation
 u - a scroll of enchant armour
 x - 3 scrolls of amnesia
 G - 3 scrolls of torment
 L - 2 scrolls of brand weapon
 T - a scroll of revelation
Potions
 h - a potion of haste
 m - 2 potions of heal wounds
 q - 3 potions of mutation
 w - 3 potions of curing
 C - 2 potions of ambrosia
 M - 2 potions of brilliance
 X - a potion of attraction


   Skills:
 * Level 10.4 Fighting
 + Level 7.7(7.8) Short Blades
 + Level 1.5(5.1) Long Blades
 + Level 1.8 Axes
 + Level 9.3 Ranged Weapons
 + Level 3.6 Throwing
 + Level 4.6 Dodging
 + Level 14.5 Stealth
 * Level 5.1 Invocations
 + Level 7.6 Evocations


You had 7 spell levels left.
You knew the following spells:

 Your Spells              Type           Power      Damage    Failure   Level
a - Slow                  Hex            0%         N/A       9%          1
b - Passwall              Tmut/Erth      0%         N/A       13%         2
c - Summon Small Mammal   Summ           0%         N/A       9%          1

Your spell library contained the following spells:

 Spells                   Type           Power      Damage    Failure   Level
 Blink                    Tloc           0%         N/A       13%         2
 Ensorcelled Hibernation  Hex/Ice        0%         N/A       13%         2
 Lesser Beckoning         Tloc           0%         N/A       13%         2
 Momentum Strike          Conj/Tloc      0%         3d8       13%         2
 Static Discharge         Conj/Air       0%         2-2/arc   13%         2
 Sublimation of Blood     Necr           0%         N/A       13%         2
 Wereblood                Tmut           0%         N/A       13%         2
 Confusing Touch          Hex            0%         N/A       26%         3
 Swiftness                Air            0%         N/A       26%         3
 Tukima's Dance           Hex            0%         N/A       26%         3
 Vampiric Draining        Necr           0%         2d6       26%         3
 Vhi's Electric Charge    Tloc/Air       0%         N/A       26%         3
 Anguish                  Hex/Necr       0%         N/A       61%         4
 Animate Dead             Necr           0%         N/A       61%         4
 Cause Fear               Hex            0%         N/A       61%         4
 Leda's Liquefaction      Hex/Erth       0%         N/A       61%         4
 Passage of Golubria      Tloc           0%         N/A       61%         4
 Summon Lightning Spire   Summ/Air       0%         N/A       61%         4
 Arcjolt                  Conj/Air       0%         1d10      91%         5
 Irradiate                Conj/Tmut      0%         3d11      91%         5
 Iskenderun's Battlesphe  Conj           0%         2d6       91%         5
 Lee's Rapid Deconstruct  Erth           0%         3d4*      91%         5
 Silence                  Hex/Air        0%         N/A       91%         5
 Yara's Violent Unravell  Hex/Tmut       0%         3d3       91%         5
 Leda's Unmaking          Conj/Erth      0%         9d1       100%        6
 Plasma Beam              Fire/Air       0%         2x1d10    100%        6
 Enfeeble                 Hex            0%         N/A       100%        7
 Haunt                    Necr/Summ      0%         N/A       100%        7
 Spellforged Servitor     Conj/Summ      0%         N/A       100%        7
 Summon Hydra             Summ           0%         N/A       100%        7
 Infestation              Necr           0%         N/A       100%        8
 Polar Vortex             Ice            0%         N/A       100%        9


Dungeon Overview and Level Annotations

Branches:
Dungeon (10/15)              Lair (3/5) D:10         Shoals (0/4) Lair:2
 Spider (0/4) Lair:3
 Temple: D:4-7          Orc: D:9-12

Altars:
Dithmenos
Gozag
Kikubaaqudgha
Makhleb
Qazlal
Ru
Sif Muna
Wu Jian
Xom
Zin

Shops:
D:4 :   D:5 *

Annotations:
Lair:3 Rupert


Innate Abilities, Weirdness & Mutations

You cannot wear most types of armour.
You are amphibious.
You can wear up to eight rings at the same time.
Your skin changes colour to match your surroundings (Stealth+).
Your rubbery body absorbs attacks. (AC +1, EV +1)
((You are camouflaged when in or above water. (Stealth+)))
You have tentacles for arms and can constrict up to eight enemies at once.


Message History

Rupert resists.
Rupert shouts!
Rupert looks as if he doubts whether you exists.
Rupert roars wildly at you.
You suddenly lose the ability to move!
You can move again.
Throw: dart (datura)
Press: ? - help, Q - select action, (/) - cycle Shift-Dir - straight line, f/p - Rupert
Aim: Rupert, wielding a +4 executioner's axe of freezing and wearing a +0 ring mail (umbra, 76% to hit, chance to frenzy on hit: 6%)
You throw a datura-tipped dart. The datura-tipped dart hits Rupert.
Rupert resists.
Aiming: Corrosive Bolt
Press: ? - help, Shift-Dir - straight line, f/p - Rupert
Aim: Rupert, wielding a +4 executioner's axe of freezing and wearing a +0 ring mail (umbra, 77% to hit)
The bolt of acid hits Rupert!!
The acid corrodes Rupert!
Rupert is lightly wounded.
Rupert roars madly and goes into a rage!
Rupert goes berserk!
Aiming: Corrosive Bolt
Press: ? - help, Shift-Dir - straight line, f/p - Rupert
Aim: Rupert, wielding a +4 executioner's axe of freezing and wearing a +0 ring mail (lightly wounded, berserk, covered in acid, umbra, 77% to hit)
The bolt of acid hits Rupert!!
Rupert seems to be corroded for longer.
Rupert is moderately wounded.
You barely miss Rupert. You grab Rupert.
Rupert is moderately wounded.
You constrict Rupert.
Rupert hits you with a +4 executioner's axe of freezing!!!
Ouch! That really hurt!
You emit a cloud of dark smoke.
Rupert freezes you!!
* * * LOW HITPOINT WARNING * * *
You blink.
You lose your grip on Rupert.
Rupert hits you with a +4 executioner's axe of freezing!
* * * LOW HITPOINT WARNING * * *
Rupert freezes you.
* * * LOW HITPOINT WARNING * * *
Okay, then.
Okay, then.
You feel much better.
Rupert hits you with a +4 executioner's axe of freezing!!
You die...

#...........#
#.....<....#
#..........#
#....#...P..## ##..
.#...♣..# #.
..P..♣..## #
.....♣♣..# .....♣♣...#
# ....♣.♣@...## ##
..P..♣@.§§.# .# ####
#.(...(.§§§.#
####..##......##.§§§.#
............ #....##
............ #...†.#
............ ###....#
............ ##.....##
#♣.♣♣♣.####. #......#


You could see Rupert (berserk, corroded).

Vanquished Creatures
  Harold (D:9)
  2 hydras
  Erica (D:9)
  3 black mambas
  A merfolk siren (Lair:2)
  11 cane toads
  2 komodo dragons
  2 trolls (D:10)
  A hornet (D:8)
  3 blink frogs (Lair:1)
  3 jumping spiders (Lair:3)
  A wraith (D:10)
  2 culicivoras (Lair:3)
  6 wyverns
  23 yaks
  5 basilisks
  3 steam dragons
  2 redbacks (Lair:3)
  Grum (D:9)
  12 water moccasins
  2 black bears
  4 orc warriors
  Pargi (D:4)
  A sky beast (D:8)
  An ogre (D:9)
  13 wolves
  3 centaurs
  A kobold brigand (D:8)
  11 bullfrogs
  2 scorpions (D:5)
  A gnoll sergeant (D:7)
  11 wights
  6 killer bees (D:9)
  A hound (D:6)
  7 orc priests
  A jelly (D:5)
  Terence (D:3)
  Jessica (D:2)
  An iguana (D:5)
  3 sleepcaps
  10 orc wizards
  4 hell rats (Lair:3)
  Robin (D:2)
  5 adders
  13 gnolls
  A shadow imp (D:6)
  2 ufetubi (D:5)
  2 worms (D:4)
  2 dart slugs (D:4)
  52 orcs
  7 endoplasms
  2 giant cockroaches (D:4)
  10 hobgoblins
  5 jackals
  10 kobolds
  4 quokkas
  8 ball pythons
  2 bats
  3 frilled lizards
  10 goblins
  8 rats
  A butterfly (Lair:1)
319 creatures vanquished.

Vanquished Creatures (collateral kills)
  A jackal (D:4)
1 creature vanquished.

Vanquished Creatures (others)
  An orc priest (D:9)
  6 orcs (D:9)
7 creatures vanquished.

Grand Total: 327 creatures vanquished

Notes
Turn   | Place    | Note
-------+----------+-------------------------------------------
     0 | D:1      | promet the Octopode Brigand began the quest for the Orb.
     0 | D:1      | Reached XP level 1. HP: 14/14 MP: 1/1
   243 | D:1      | Reached XP level 2. HP: 17/19 MP: 2/2
   314 | D:1      | Reached skill level 6 in Stealth
   540 | D:1      | Reached XP level 3. HP: 25/25 MP: 3/3
  1287 | D:2      | Noticed Robin
  1353 | D:2      | Killed Robin
  1490 | D:2      | Reached XP level 4. HP: 30/30 MP: 4/4
  1584 | D:2      | Noticed Jessica
  1588 | D:2      | Killed Jessica
  1589 | D:2      | Reached skill level 7 in Stealth
  1822 | D:3      | Found a shadowy altar of Dithmenos.
  1825 | D:3      | Became a worshipper of Dithmenos the Shadowed
  1842 | D:3      | Found a sacrificial altar of Ru.
  1850 | D:3      | Found a shimmering blue altar of Sif Muna.
  1895 | D:3      | Noticed Terence
  1911 | D:3      | Killed Terence
  1912 | D:3      | Reached XP level 5. HP: 35/35 MP: 5/5
  2044 | D:3      | Identified the ring "Jenwoge" {Fire +Blink Str+3 Stlth+}
  2789 | D:4      | Reached * piety under Dithmenos
  2882 | D:4      | Found Soriphy's Self-Improvement Boutique.
  2916 | D:4      | Noticed a water moccasin
  2945 | D:4      | Reached skill level 1 in Evocations
  2945 | D:4      | Reached XP level 6. HP: 40/42 MP: 6/6
  3003 | D:4      | Noticed a black bear
  3010 | D:4      | Killed a black bear
  3011 | D:4      | Reached skill level 8 in Stealth
  3032 | D:4      | Identified the amulet "Ysustuje" {Spirit Int+2}
  3101 | D:4      | Noticed Pargi
  3111 | D:4      | Killed Pargi
  3182 | D:4      | Killed a water moccasin
  3183 | D:4      | Reached XP level 7. HP: 32/46 MP: 5/7
  3477 | D:4      | Found a glowing silver altar of Zin.
  3477 | D:4      | Noticed an angel
  3513 | D:5      | Entered Level 5 of the Dungeon
  3568 | D:5      | Found an opulent altar of Gozag.
  3687 | D:5      | Reached skill level 9 in Stealth
  3796 | D:5      | Found Lawu's Elemental Accessories.
  4012 | D:5      | Reached XP level 8. HP: 45/54 MP: 6/8
  4642 | D:5      | Found an ornate altar of the Wu Jian Council.
  4727 | D:6      | Found a burning altar of Makhleb.
  4795 | D:6      | Reached ** piety under Dithmenos
  4808 | D:6      | Learned a level 1 spell: Slow
  4939 | D:6      | Reached skill level 5 in Short Blades
  4939 | D:6      | Reached skill level 10 in Stealth
  4954 | D:6      | You fall into a shaft and drop 1 floor!
  5704 | D:7      | Reached skill level 5 in Fighting
  5704 | D:7      | Reached XP level 9. HP: 40/61 MP: 4/9
  5903 | D:7      | Reached skill level 11 in Stealth
  6553 | D:7      | Reached skill level 5 in Evocations
  6693 | D:7      | Reached *** piety under Dithmenos
  7102 | D:7      | Reached skill level 1 in Ranged Weapons
  7461 | D:8      | Found an ancient bone altar of Kikubaaqudgha.
  7479 | D:8      | Reached skill level 12 in Stealth
  7519 | D:8      | Noticed a hornet
  7525 | D:8      | Killed a hornet
  7762 | D:8      | Found a stormy altar of Qazlal.
  7773 | D:8      | Identified the +8 dagger of Responsibility {speed, rPois
                  | Int-3 Dex+5}
  8183 | D:8      | Reached skill level 1 in Long Blades
  8326 | D:8      | Found a shimmering altar of Xom.
  8439 | D:8      | Reached XP level 10. HP: 68/68 MP: 10/10
  9150 | D:9      | Noticed Harold
  9157 | D:9      | Killed Harold
  9223 | D:9      | Reached **** piety under Dithmenos
  9889 | D:9      | Noticed Grum
  9901 | D:9      | Reached skill level 5 in Ranged Weapons
  9915 | D:9      | Killed Grum
 10061 | D:9      | Noticed Erica
 10079 | D:9      | Killed Erica
 10372 | D:10     | Entered Level 10 of the Dungeon
 10645 | D:10     | Reached XP level 11. HP: 68/76 MP: 9/11
 10729 | D:10     | Reached skill level 13 in Stealth
 10957 | D:10     | Found a staircase to the Lair.
 11374 | Lair:1   | Entered Level 1 of the Lair of Beasts
 11688 | Lair:1   | Reached skill level 1 in Invocations
 12267 | Lair:1   | Reached ***** piety under Dithmenos
 12851 | Lair:1   | Reached skill level 1 in Axes
 13083 | Lair:1   | Reached XP level 12. HP: 85/85 MP: 14/14
 13701 | Lair:2   | Identified the ring "Sityfip" {Wiz rN+ Will+}
 13726 | Lair:2   | Found a staircase to the Shoals.
 13851 | Lair:2   | Reached skill level 14 in Stealth
 13999 | Lair:2   | Learned a level 2 spell: Passwall
 14267 | Lair:2   | Got Isoaz's Reference Book on Turbulence
 14508 | Lair:2   | Got the Quarto of the Supportive Serac
 14511 | Lair:2   | Learned a level 1 spell: Summon Small Mammal
 14715 | Lair:3   | Identified the ring of Xom's Condemnation {rElec rN++ Will-
                  | Dex+2 Slay+4}
 14833 | Lair:3   | Noticed a four-headed hydra
 15067 | Lair:3   | Found a hole to the Spider Nest.
 15394 | Lair:3   | Reached skill level 10 in Fighting
 15788 | Lair:3   | Killed a four-headed hydra
 15822 | Lair:3   | Noticed an eight-headed hydra
 15828 | Lair:3   | Noticed a catoblepas
 15845 | Lair:2   | Killed a seven-headed hydra
 16034 | Lair:3   | Noticed Rupert
 16061 | Lair:2   | Reached skill level 5 in Invocations
 16340 | Lair:3   | Paralysed by Rupert for 4 turns
 16349 | Lair:3   | HP: 3/88 [Rupert/+4 executioner's axe of freezing (3)]
 16350 | Lair:3   | Mangled by Rupert

Illustrated notes

Levels and vault maps discovered:
D:1:      amcnicky_arrival_blooded_trapdoor, layout_rooms, minmay_octomino_j4
D:2:      layout_loops_ring, chequers_serial_rivers_room_a, uniq_jessica,
          uniq_robin
D:3:      layout_basic, grunt_dithmenos_smoke_and_mirrors, jmf_multi_god_temple,
          minmay_misc_feat_tower, uniq_terence
D:4:      layout_rooms, zin_angel, nicolae_shop_self_help, uniq_pargi
D:5:      layout_cave_pools, mainiacjoe_overflow_tiny_flanked,
          marbit_many_paths, nicolae_kite_square_tiling_tiny,
          nicolae_elemental_shop
D:6:      layout_basic, makhleb_altar_promises_db, kennysheep_mini_moat,
          minmay_temple_entry_grid, dk_noncrumbling_4
D:7:      layout_gridville
D:8:      layout_basic, old_standard_altar, nicolae_qazlal_general_emergency,
          mainiacjoe_overflow_concentric_impassable
D:9:      layout_roguey [special_room_orc], uniq_erica, uniq_grum, uniq_harold
D:10:     layout_roguey, lair_entry_dummy, special_room [special_room_orc]
Lair:1:   layout_chaotic_city, chequers_serial_rivers_micro_e,
          infiniplex_staircase_pool_2, lemuel_fruit_fields, lemuel_fruit_fields,
          lemuel_fruit_fields
Lair:2:   layout_cave_shapes, minmay_shoals_entry_lonely_mermaid, serial_rivers,
          chequers_serial_rivers_large_a, chequers_serial_rivers_micro_c,
          chequers_serial_rivers_large_b, chequers_serial_rivers_micro_c,
          chequers_serial_rivers_micro_d
Lair:3:   layout_cellular_growth, nicolae_spider_entry_tight_spaces,
          serial_forest, infiniplex_forest_zigzag_1, infiniplex_forest_corner_2,
          infiniplex_forest_lined_room_3, infiniplex_forest_corner_1,
          infiniplex_forest_clump_diagonal, infiniplex_forest_end_2,
          infiniplex_forest_end_2, infiniplex_forest_corner_1, uniq_rupert

Skill      XL: |  1  2  3  4  5  6  7  8  9 10 11 12 |
---------------+-------------------------------------+-----
Stealth        | 6 7 8 9 10 12 13 14 | 14.5
Short Blades   | 3 4 5 6 7 |  7.7
Fighting       | 3 4 5 6 7 9 10 | 10.4
Evocations     | 1 2 3 4 5 7 |  7.6
Dodging        | 2 3 4 |  4.6
Throwing       | 3 |  3.6
Ranged Weapons | 1 5 7 9 |  9.3
Long Blades    | 1 |  1.5
Invocations    | 3 5 |  5.1
Axes           | 1 |  1.8

Action                     |  1- 3 |  4- 6 |  7- 9 | 10-12 || total
---------------------------+-------+-------+-------+-------++-------
  Melee: Dagger            |    12 |       |    31 |   245 ||   288
         Short sword       |    76 |    67 |   174 |       ||   317
         Tentacles         |    16 |    13 |    50 |    69 ||   148
         Constrict         |    16 |    16 |    44 |    46 ||   122
         Punch             |       |     1 |     7 |     9 ||    17
         Scimitar          |       |       |     4 |     4 ||     8
         Hand axe          |       |       |       |     7 ||     7
         Battleaxe         |       |       |       |     4 ||     4
   Fire: Shortbow          |       |       |    27 |    64 ||    91
         Orcbow            |       |       |       |   153 ||   153
  Throw: Dart              |     1 |     6 |     8 |    10 ||    25
         Stone             |       |       |       |     4 ||     4
Ability: Evoke Blink       |       |     1 |       |     2 ||     3
  Evoke: Wand              |       |       |     1 |    16 ||    17
    Use: Scroll            |     2 |     8 |     5 |    15 ||    30
         Potion            |       |     1 |     1 |     3 ||     5
   Stab: Sleeping          |     9 |     9 |    28 |    24 ||    70
         Distracted        |       |     1 |     2 |     1 ||     4
 Armour: Skin              |     7 |     5 |     7 |     2 ||    21
  Dodge: Dodged            |    36 |    38 |    80 |   136 ||   290

Table legend: (Time is in decaauts)
 A = Elapsed time spent in this place.
 B = Non-inter-level travel time spent in this place.
 C = Inter-level travel time spent in this place.
 D = Time resting spent in this place.
 E = Time spent auto-exploring this place.
 F = Levels seen in this place.
 G = Mean time per level.
                   A        B        C        D        E       F      G
               +--------+--------+--------+--------+--------+-----+--------+
         Total |  16256 |  15864 |    392 |   5643 |   3820 |  13 | 1250.5 |
       Dungeon |  11475 |  11131 |    344 |   3675 |   3115 |  10 | 1147.5 |
          Lair |   4781 |   4733 |     48 |   1968 |    705 |   3 | 1593.7 |
               +--------+--------+--------+--------+--------+-----+--------+

Top non-repeatable levels by time:
     D:8: 1945 daAuts
     D:7: 1874 daAuts
  Lair:1: 1746 daAuts
  Lair:2: 1595 daAuts
  Lair:3: 1439 daAuts
     D:9: 1291 daAuts
    D:10: 1174 daAuts
     D:5: 1109 daAuts
     D:4: 1033 daAuts
     D:2: 1019 daAuts
     D:1: 769 daAuts
     D:3: 756 daAuts
     D:6: 501 daAuts
